 Dungeon Crawl Stone Soup version 0.21-a0-426-g98080a9 (webtiles) character file.

119 mhoghedin the Sneak (level 4, -2/21 HPs)
             Began as a Spriggan Enchanter on Nov 7, 2017.
             Slain by a gnoll (10 damage)
             ... on level 3 of the Dungeon.
             The game lasted 00:08:56 (3455 turns).

mhoghedin the Sneak (Spriggan Enchanter)            Turns: 3455, Time: 00:08:57

Health: -2/21      AC:  2    Str:  4    XL:     4   Next: 74%
Magic:  3/9        EV: 23    Int: 17    God:
Gold:   102        SH:  0    Dex: 16    Spells: 2/8 levels left

rFire    . . .     SeeInvis +   a - +2 dagger
rCold    . . .     Gourm    .   (shield restricted)
rNeg     . . .     Faith    .   b - +0 robe
rPois    .         Spirit   .   m - +0 hat
rElec    .         Reflect  .   (no cloak)
rCorr    .         Harm     +   (gloves unavailable)
MR       .....                  (boots unavailable)
Stlth    +++.......             p - amulet of harm (curse)
HPRegen  0.07/turn              o - +3 ring of evasion
MPRegen  0.11/turn              (no ring)

@: very slightly contaminated, very quick
A: unfitting armour, see invisible, herbivore 3, speed 3, slow metabolism 2
a: no special abilities


You were on level 3 of the Dungeon.
You were hungry.

You visited 1 branch of the dungeon, and saw 3 of its levels.

You collected 102 gold pieces.

Inventory:

Hand Weapons
 a - a +2 dagger (weapon)
Armour
 b - a +0 robe (worn)
 m - a +0 hat (worn)
   (You found it on level 3 of the Dungeon)
Jewellery
 o - a +3 ring of evasion (left hand)
   (You found it on level 2 of the Dungeon)
 p - a cursed amulet of harm (around neck)
   (You found it on level 2 of the Dungeon)
Scrolls
 g - 2 scrolls of remove curse {unknown}
 k - a scroll of blinking {!r}
 n - a scroll of enchant armour {unknown}
Potions
 e - a potion of degeneration {unknown}
 f - 2 potions of heal wounds {unknown}
 h - a potion of invisibility {unknown}
 i - a potion of ambrosia {unknown}
Books
 c - a book of Maledictions
Comestibles
 d - 4 bread rations {@e1}
 j - a fruit
 l - a royal jelly


   Skills:
 + Level 2.5 Short Blades
 + Level 4.4 Dodging
 + Level 5.7 Stealth
 + Level 2.7 Spellcasting
 + Level 4.5 Hexes


You had 2 spell levels left.
You knew the following spells:

 Your Spells              Type           Power        Failure   Level  Hunger
a - Ensorcelled Hibernat  Hex/Ice        ##....       11%         2    ##.....
b - Tukima's Dance        Hex            ###.....     9%          3    ###....
v - Corona                Hex            ###....      2%          1    #......


Dungeon Overview and Level Annotations

Branches:
Dungeon (3/15)

Altars:
Okawaru
Sif Muna
Uskayaw

Annotations:
D:3 Robin


Innate Abilities, Weirdness & Mutations

You are very small and have problems with some larger weapons.
You are too small for most types of armour.
You have supernaturally acute eyesight. (SInv)
You are a herbivore.
You cover ground extremely quickly.
You need consume almost no food.


Message History

No target in view!
No target in view!
You climb downwards.
Level annotation: Robin
There is a stone staircase leading up here.
You hit the dart slug. The dart slug launches a dart at you.
The slug dart hits you!
You take 3 damage, and have 18/21 hp.
You hit the dart slug. You hit the dart slug. The dart slug misses you.
You hit the dart slug. The dart slug launches a dart at you.
The slug dart misses you.
You hit the dart slug.
You kill the dart slug!
No target in view!
No target in view!
No target in view!
No target in view!
No target in view!
No target in view!
Unknown command.
A kobold comes into view.
The kobold shouts!
You see here a dart slug corpse.
A kobold is nearby!
A kobold is nearby!
You hit the kobold. The kobold hits you.
You take 1 damage, and have 17/21 hp.
You hit the kobold. The kobold hits you but does no damage.
You miss the kobold. The kobold misses you.
You hit the kobold.
You kill the kobold!
No target in view!
No target in view!
No target in view!
No target in view!
No target in view!
No target in view!
m - a hat A rat comes into view.
A rat is nearby!
You barely miss the rat. You hit the rat.
You kill the rat!
No target in view!
No target in view!
No target in view!
No target in view!
No target in view!
No target in view!
No target in view!
No target in view!
No target in view!
No target in view!
No target in view!
You start putting on your armour.
You continue putting on your hat. x4
You finish putting on your +0 hat.
Unknown command.
Unknown command.
n - a scroll labeled AROMMOUGUPS A jackal is nearby! 2 gnolls come into view.
The gnoll shouts!
You hit the jackal.
You hear a shout!
The jackal closely misses you.
The gnoll shouts!
You hit the jackal. The jackal completely misses you.
You hit the jackal.
You kill the jackal!
A gnoll comes into view. It is wielding a halberd.
A hobgoblin comes into view.
The gnoll misses you.
You hit the gnoll. The gnoll completely misses you.
You hit the gnoll. You barely miss the gnoll. The gnoll closely misses you.
You closely miss the gnoll. The gnoll misses you.
You completely miss the gnoll. The gnoll completely misses you.
Okay, then.
Unknown command.
Aim: a gnoll, wielding a spear (moderately wounded, chance to defeat MR: 63%)
You miscast Tukima's Dance.
You are very lightly contaminated with residual magic.
Your skin glows momentarily.
You are feeling hungry.
The gnoll hits you with a spear.
You take 3 damage, and have 16/21 hp.
You now have 6/9 mp.
Aim: a gnoll, wielding a spear (moderately wounded, chance to defeat MR: 63%)
The spear dances into the air!
The gnoll hits you!
You take 8 damage, and have 8/21 hp.
MASSIVE DAMAGE!!
You now have 3/9 mp.
You hit the gnoll but do no damage. The gnoll closely misses you.
You hit the gnoll but do no damage.
Your spear closely misses the gnoll.
You hit the gnoll.
Your spear hits the gnoll but does no damage.
You hit the gnoll but do no damage. The gnoll hits you!
You die... ........ ......# .....# ....# (gg# #....o..# gh#

#..$.... #g#
############ .......
#@### #..........#
#.....#
#...###..........#
##.g...##
#.#..##..........#
#.l.!...#
#.##.##.†........#
#..o..(.#
#.##..#..........#
#.......#
#.###........†...#
##....(##
##.###............#
##...##
####.....<#####..#####
# ###(# #.....#####
##(#


You could see 3 gnolls, a jackal, a hobgoblin and a friendly spear.

Vanquished Creatures
  3 adders (D:2)
  6 dart slugs
  2 orcs
  9 bats
  4 giant cockroaches (D:1)
  14 goblins
  8 hobgoblins
  3 jackals
  A quokka (D:2)
  2 ball pythons (D:3)
  4 frilled lizards (D:1)
  10 kobolds
  7 rats
73 creatures vanquished.

Notes
Turn   | Place    | Note
-------+----------+-------------------------------------------
     0 | D:1      | mhoghedin the Spriggan Enchanter began the quest for the Orb.
     0 | D:1      | Reached XP level 1. HP: 9/9 MP: 5/5
   306 | D:1      | Reached XP level 2. HP: 13/13 MP: 4/6
   310 | D:1      | Learned a level 2 spell: Ensorcelled Hibernation
   670 | D:1      | Reached skill level 4 in Hexes
  1065 | D:1      | Reached skill level 5 in Stealth
  1073 | D:1      | Reached XP level 3. HP: 10/16 MP: 0/8
  1442 | D:1      | Learned a level 3 spell: Tukima's Dance
  1661 | D:2      | Found an iron altar of Okawaru.
  1773 | D:2      | Reached skill level 2 in Short Blades
  2083 | D:2      | Found a deep blue altar of Sif Muna.
  2083 | D:2      | Found a hide-covered altar of Uskayaw.
  2269 | D:2      | Reached skill level 4 in Dodging
  2284 | D:2      | Reached XP level 4. HP: 21/21 MP: 9/9
  2705 | D:3      | Noticed Robin
  3455 | D:3      | Slain by a gnoll

Vault maps used:
D:1:      dpeg_arrival_lava_altar
D:2:      okawaru_trees_2, grunt_temple_overflow_open, hex_tiny,
          grunt_ministairs_12
D:3:      first_bread, uniq_robin

Skill      XL: |  1  2  3 |
---------------+----------+-----
Hexes          | 4 |  4.5
Stealth        | 5 |  5.7
Short Blades   | 2 |  2.5
Dodging        | 4 |  4.4
Spellcasting   | |  2.7

Action                   |  1- 3 |  4- 6 || total
-------------------------+-------+-------++-------
Melee: Dagger            |   142 |   117 ||   259
 Cast: Corona            |     4 |       ||     4
       Ensorcelled Hiber |    18 |     8 ||    26
       Tukima's Dance    |       |     1 ||     1
  Use: Scroll            |       |     4 ||     4
 Stab: Sleeping          |    17 |     7 ||    24
       Distracted        |     1 |       ||     1
  Eat: Royal jelly       |       |     1 ||     1
Armor: Robe              |    14 |     8 ||    22
Dodge: Dodged            |   112 |   127 ||   239

Table legend:
 A = Spawn XP
 B = Non-spawn XP
 C = Spawn XP percentage of total XP
 D = Spawn monster count
 E = Non-spawn monster count
 F = Spawn count percentage of total count
 G = Total turns spent on level
                    A         B        C        D         E        F      G
               +---------+---------+-------+---------+---------+-------+---------
         Total |       0 |     171 |   0.0 |       0 |      73 |   0.0 |  3455
               +---------+---------+-------+---------+---------+-------+---------
           D:1 |       0 |      57 |   0.0 |       0 |      31 |   0.0 |  1862
           D:2 |       0 |      80 |   0.0 |       0 |      25 |   0.0 |  1319
           D:3 |       0 |      34 |   0.0 |       0 |      17 |   0.0 |   274
               +---------+---------+-------+---------+---------+-------+---------

Vault maps used:
D:1:      dpeg_arrival_lava_altar
D:2:      okawaru_trees_2, grunt_temple_overflow_open, hex_tiny,
          grunt_ministairs_12
D:3:      first_bread, uniq_robin

Table legend:
 A = Turns spent in this place as a percentage of turns spent in the entire game.
 B = Non-inter-level travel turns spent in this place as a percentage of non-inter-level travel turns spent in the entire game.
 C = Inter-level travel turns spent in this place as a percentage of turns spent in this place.
 D = Turns resting spent in this place as a percentage of non-inter-level travel turns spent in this place.
 E = Turns spent auto-exploring this place as a percentage of non-inter-level travel turns spent in this place.
 F = Non-inter-level travel turns spent in this place divided by the number of levels of this place that you've seen.
                   A       B       C       D       E      F
               +-------+-------+-------+-------+-------+----------------------
         Total | 100.0 | 100.0 |   8.2 |  43.7 |  30.9 | 1057.0
       Dungeon | 100.0 | 100.0 |   8.2 |  43.7 |  30.9 | 1057.0
               +-------+-------+-------+-------+-------+----------------------

Table legend:
 A = Kills in this place as a percentage of kills in entire the game.
 B = Kills by you in this place as a percentage of kills by you in the entire game.
 C = Kills by friends in this place as a percentage of kills by friends in the entire game.
 D = Other kills in this place as a percentage of other kills in the entire game.
 E = Experience gained in this place as a percentage of experience gained in the entire game.
 F = Experience gained in this place divided by the number of levels of this place that you have seen.
                   A       B       C       D       E      F
               +-------+-------+-------+-------+-------+----------------------
         Total | 100.0 | 100.0 |   N/A |   N/A | 100.0 |  57.0
       Dungeon | 100.0 | 100.0 |   N/A |   N/A | 100.0 |  57.0
               +-------+-------+-------+-------+-------+----------------------
